TOP OF THE 1ST |
Amarillo Archdukes batting - Pitching for Chattanooga Chinpokomon : LHP Esteban Santos
|
Pitching: LHP Esteban Santos
|
|
Batting: SHB Álex Hernández
|
0-0: Ball 1-0: Fly out, F7 (Flyball, 7LS)
|
Batting: RHB Tony Quinn
|
0-0: Ball 1-0: Ball 2-0: Called Strike 2-1: Foul Ball, location: 2F 2-2: Foul Ball, location: 2F 2-2: Ground out 1-3 (Groundball, 15S)
|
Batting: LHB Michael Cook
|
0-0: Ball 1-0: Ball 2-0: Swinging Strike 2-1: Ball 3-1: Foul Ball, location: 2F 3-2: Foul Ball, location: 2F 3-2: Foul Ball, location: 2F 3-2: Strikes out swinging
|
Top of the 1st over - 0 run(s), 0 hit(s), 0 error(s), 0 left on base; Amarillo 0 - Chattanooga 0 |
BOTTOM OF THE 1ST |
Chattanooga Chinpokomon batting - Pitching for Amarillo Archdukes : RHP Raymond Gregg
|
Pitching: RHP Raymond Gregg
|
|
Batting: RHB Patrick Potts
|
0-0: Ball 1-0: Ground out 6-3 (Groundball, 6)
|
Batting: RHB Ramiro Chávez
|
0-0: Foul Ball, location: 2F 0-1: Ball 1-1: Ball 2-1: Foul Ball, location: 2F 2-2: Fly out, F7 (Flyball, 7)
|
Batting: LHB George Wood
|
0-0: Called Strike 0-1: Ball 1-1: Foul Ball, location: 2F 1-2: Ground out 6-3 (Groundball, 6MS)
|
Bottom of the 1st over - 0 run(s), 0 hit(s), 0 error(s), 0 left on base; Amarillo 0 - Chattanooga 0 |
TOP OF THE 2ND |
Amarillo Archdukes batting - Pitching for Chattanooga Chinpokomon : LHP Esteban Santos
|
Batting: LHB Brian Boone
|
0-0: Called Strike 0-1: Ball 1-1: Foul Ball, location: 2F 1-2: Strikes out swinging
|
Batting: LHB Howard Lambert
|
0-0: Ball 1-0: Ball 2-0: Called Strike 2-1: SINGLE (Groundball, 34D)
|
Batting: LHB Pedro Díaz
|
0-0: Called Strike 0-1: Ball 1-1: Swinging Strike 1-2: Ball 2-2: Foul Ball, location: 2F 2-2: Foul Ball, location: 2F 2-2: Foul Ball, location: 2F 2-2: DOUBLE (Line Drive, 89D) Howard Lambert to third
|
Batting: RHB Esteban Lara
|
0-0: Foul Ball, location: 2F 0-1: Swinging Strike 0-2: Ball 1-2: Foul Ball, location: 2F 1-2: Strikes out swinging
|
Batting: RHB Juan Barrera
|
0-0: Called Strike 0-1: Swinging Strike 0-2: Ball 1-2: Foul Ball, location: 2F 1-2: Strikes out swinging
|
Top of the 2nd over - 0 run(s), 2 hit(s), 0 error(s), 2 left on base; Amarillo 0 - Chattanooga 0 |
BOTTOM OF THE 2ND |
Chattanooga Chinpokomon batting - Pitching for Amarillo Archdukes : RHP Raymond Gregg
|
Batting: RHB Cristo García
|
0-0: Swinging Strike 0-1: Called Strike 0-2: Ball 1-2: Ball 2-2: Ball 3-2: Ground out 6-3 (Groundball, 6)
|
Batting: RHB Felipe Rego
|
0-0: Called Strike 0-1: Ball 1-1: Foul Ball, location: 2F 1-2: SINGLE (Groundball, 56D)
|
Batting: RHB Kyung-bok Cho
|
0-0: Grounds into double play, 4-6-3 (Groundball, 4)
|
Bottom of the 2nd over - 0 run(s), 1 hit(s), 0 error(s), 0 left on base; Amarillo 0 - Chattanooga 0 |
TOP OF THE 3RD |
Amarillo Archdukes batting - Pitching for Chattanooga Chinpokomon : LHP Esteban Santos
|
Batting: RHB Herb Bunch
|
0-0: Ball 1-0: Foul Ball, location: 2F 1-1: Swinging Strike 1-2: Strikes out swinging
|
Batting: SHB Álex Hernández
|
0-0: Ground out 5-3 (Groundball, 56)
|
Batting: RHB Tony Quinn
|
0-0: Ball 1-0: Ground out 6-3 (Groundball, 56)
|
Top of the 3rd over - 0 run(s), 0 hit(s), 0 error(s), 0 left on base; Amarillo 0 - Chattanooga 0 |
BOTTOM OF THE 3RD |
Chattanooga Chinpokomon batting - Pitching for Amarillo Archdukes : RHP Raymond Gregg
|
Batting: RHB Luis Antonio Velásquez
|
0-0: Ball 1-0: Ball 2-0: Ball 3-0: Called Strike 3-1: Foul Ball, location: 2F 3-2: Strikes out swinging
|
Batting: LHB Martin Davis
|
0-0: Ball 1-0: Called Strike 1-1: Swinging Strike 1-2: Ground out 1-3 (Groundball, 15S)
|
Batting: RHB Armando Cuevas
|
0-0: Ball 1-0: Foul Ball, location: 2F 1-1: Ball 2-1: Ground out 1-3 (Groundball, P)
|
Bottom of the 3rd over - 0 run(s), 0 hit(s), 0 error(s), 0 left on base; Amarillo 0 - Chattanooga 0 |
TOP OF THE 4TH |
Amarillo Archdukes batting - Pitching for Chattanooga Chinpokomon : LHP Esteban Santos
|
Batting: LHB Michael Cook
|
0-0: Called Strike 0-1: Ball 1-1: Foul Ball, location: 2F 1-2: Ball 2-2: Ball 3-2: Ground out U3 (Groundball, 34)
|
Batting: LHB Brian Boone
|
0-0: Ball 1-0: Foul Ball, location: 2F 1-1: Foul Ball, location: 2F 1-2: Foul Ball, location: 2F 1-2: Foul Ball, location: 2F 1-2: Foul Ball, location: 2F 1-2: Ball 2-2: Strikes out swinging
|
Batting: LHB Howard Lambert
|
0-0: Called Strike 0-1: Ball 1-1: Swinging Strike 1-2: Strikes out swinging
|
Top of the 4th over - 0 run(s), 0 hit(s), 0 error(s), 0 left on base; Amarillo 0 - Chattanooga 0 |
BOTTOM OF THE 4TH |
Chattanooga Chinpokomon batting - Pitching for Amarillo Archdukes : RHP Raymond Gregg
|
Batting: RHB Patrick Potts
|
0-0: Swinging Strike 0-1: Ball 1-1: Ball 2-1: Ball 3-1: Base on Balls
|
Batting: RHB Ramiro Chávez
|
0-0: Called Strike 0-1: Grounds into double play, 4-6-3 (Groundball, 4)
|
Batting: LHB George Wood
|
0-0: Called Strike 0-1: Swinging Strike 0-2: SINGLE (Groundball, 15S) (infield hit)
|
Batting: RHB Cristo García
|
0-0: SINGLE (Flyball, 89S) George Wood to second Runner from 2nd tries for 3rd, SAFE, throw made to third
|
Batting: RHB Felipe Rego
|
0-0: Ground out 1-3 (Groundball, P)
|
Bottom of the 4th over - 0 run(s), 2 hit(s), 0 error(s), 2 left on base; Amarillo 0 - Chattanooga 0 |
TOP OF THE 5TH |
Amarillo Archdukes batting - Pitching for Chattanooga Chinpokomon : LHP Esteban Santos
|
Batting: LHB Pedro Díaz
|
0-0: Swinging Strike 0-1: Foul Ball, location: 2F 0-2: Ball 1-2: Ball 2-2: Strikes out swinging
|
Batting: RHB Esteban Lara
|
0-0: Fly out, F5 (Popup, 56)
|
Batting: RHB Juan Barrera
|
0-0: DOUBLE (Groundball, 5L)
|
Batting: RHB Herb Bunch
|
0-0: Ball 1-0: Ball 2-0: Ball 3-0: Base on Balls
|
Batting: SHB Álex Hernández
|
0-0: Swinging Strike 0-1: Called Strike 0-2: Strikes out swinging
|
Top of the 5th over - 0 run(s), 1 hit(s), 0 error(s), 2 left on base; Amarillo 0 - Chattanooga 0 |
BOTTOM OF THE 5TH |
Chattanooga Chinpokomon batting - Pitching for Amarillo Archdukes : RHP Raymond Gregg
|
Batting: RHB Kyung-bok Cho
|
0-0: Foul Ball, location: 2F 0-1: Ball 1-1: Ball 2-1: Ball 3-1: Bunt for hit - play at first, batter safe!
|
Batting: RHB Luis Antonio Velásquez
|
0-0: Foul Ball, location: 2F 0-1: Ball 1-1: Ball 2-1: Ball 3-1: Called Strike 3-2: DOUBLE (Flyball, 78M) Kyung-bok Cho to third Kyung-bok Cho scores
|
Batting: LHB Martin Davis
|
0-0: Foul Ball, location: 2F 0-1: DOUBLE (Flyball, 78D) Luis Antonio Velásquez scores
|
Batting: RHB Armando Cuevas
|
0-0: Swinging Strike 0-1: Foul Ball, location: 2F 0-2: Foul Ball, location: 2F 0-2: Ball 1-2: Foul Ball, location: 2F 1-2: Strikes out swinging
|
Batting: RHB Patrick Potts
|
0-0: Ball 1-0: Ball 2-0: Ball 3-0: Called Strike 3-1: Ground out 4-3 (Groundball, 4S) Martin Davis to third
|
Batting: RHB Ramiro Chávez
|
0-0: Foul Ball, location: 2F 0-1: Ball 1-1: Ball 2-1: Fly out, F7 (Flyball, 7S)
|
Bottom of the 5th over - 2 run(s), 3 hit(s), 0 error(s), 1 left on base; Amarillo 0 - Chattanooga 2 |
TOP OF THE 6TH |
Amarillo Archdukes batting - Pitching for Chattanooga Chinpokomon : LHP Esteban Santos
|
Batting: RHB Tony Quinn
|
0-0: Foul Ball, location: 2F 0-1: Hit by Pitch
|
Batting: LHB Michael Cook
|
0-0: Foul Ball, location: 2F 0-1: Ball 1-1: Ball Throwing error on steal attempt, E2 Tony Quinn to third 2-1: Fly out, F9 (Flyball, 9S)
|
Batting: LHB Brian Boone
|
0-0: Ball 1-0: Ball 2-0: Reached on error, E9 (Flyball, 9) Tony Quinn scores
|
Batting: LHB Howard Lambert
|
0-0: Called Strike Brian Boone is caught stealing 2nd base 0-1: Ball 1-1: Fly out, F8 (Line Drive, 8RD)
|
Top of the 6th over - 1 run(s), 0 hit(s), 2 error(s), 0 left on base; Amarillo 1 - Chattanooga 2 |
BOTTOM OF THE 6TH |
Chattanooga Chinpokomon batting - Pitching for Amarillo Archdukes : RHP Raymond Gregg
|
Batting: LHB George Wood
|
0-0: Called Strike 0-1: Foul Ball, location: 2F 0-2: Ball 1-2: Ball 2-2: Foul Ball, location: 2F 2-2: Foul Ball, location: 2F 2-2: SINGLE (Groundball, 4MD)
|
Batting: RHB Cristo García
|
0-0: Ball 1-0: Foul Ball, location: 2F 1-1: Called Strike 1-2: SINGLE (Groundball, 4MD) George Wood to second
|
Batting: RHB Felipe Rego
|
0-0: SINGLE (Line Drive, 6M) George Wood to third Cristo García to second
|
Batting: RHB Kyung-bok Cho
|
0-0: Called Strike 0-1: Foul Ball, location: 2F 0-2: Ball 1-2: Grounds into fielders choice 6-2 (Groundball, 6S) Cristo García to third Felipe Rego to second
|
Batting: RHB Luis Antonio Velásquez
|
0-0: Ball 1-0: Swinging Strike 1-1: Grounds into double play, 6-2-3 (Groundball, 6)
|
Bottom of the 6th over - 0 run(s), 3 hit(s), 0 error(s), 2 left on base; Amarillo 1 - Chattanooga 2 |
TOP OF THE 7TH |
Amarillo Archdukes batting - Pitching for Chattanooga Chinpokomon : LHP Esteban Santos
|
Batting: LHB Pedro Díaz
|
0-0: Ball 1-0: Swinging Strike 1-1: SINGLE (Groundball, 6D)
|
Pinch Runner at 1st John Frost:
|
|
Pinch Hitting: RHB Seiji Kouno
|
0-0: Sac Bunt - play at first, batter OUT! 1-3 John Frost to second
|
Batting: RHB Juan Barrera
|
0-0: Ball 1-0: Ball 2-0: Foul Ball, location: 2F 2-1: Called Strike 2-2: Fly out, F9 (Flyball, 89S)
|
Pitching: RHP Artie Downing
|
|
Pinch Hitting: RHB Norm Francis
|
0-0: Ball 1-0: Fly out, F6 (Line Drive, 6M)
|
Top of the 7th over - 0 run(s), 1 hit(s), 0 error(s), 1 left on base; Amarillo 1 - Chattanooga 2 |
BOTTOM OF THE 7TH |
Chattanooga Chinpokomon batting - Pitching for Amarillo Archdukes : RHP Raymond Gregg
|
Pitching: RHP Frederick Kern
|
|
Now at 2B: Norm Francis
|
|
Now at SS: Michael Thomas
|
|
Now in CF: John Frost
|
|
Batting: LHB Martin Davis
|
0-0: Called Strike 0-1: Ball 1-1: Swinging Strike 1-2: Ball 2-2: Foul Ball, location: 2F 2-2: Fly out, F8 (Flyball, 8LXD)
|
Batting: RHB Armando Cuevas
|
0-0: Ball
|
|
|
|
1-0: Ball 2-0: SINGLE (Line Drive, 6MD)
|
Batting: RHB Patrick Potts
|
0-0: Called Strike 0-1: Ball 1-1: Called Strike 1-2: Foul Ball, location: 2F 1-2: Ball 2-2: SINGLE (Groundball, 56) (infield hit) Armando Cuevas to second
|
Batting: RHB Ramiro Chávez
|
0-0: Called Strike 0-1: SINGLE (Flyball, 78S) Armando Cuevas to third Patrick Potts to second Runner from 3rd tries for Home, throw and OUT! Patrick Potts to third Ramiro Chávez to second
|
Batting: LHB George Wood
|
0-0: Called Strike 0-1: SINGLE (Line Drive, 78M) Patrick Potts scores Ramiro Chávez to third
|
Batting: RHB Cristo García
|
0-0: Foul Ball, location: 2F 0-1: Ball 1-1: Ball 2-1: Foul Ball, location: 2F 2-2: Strikes out swinging
|
Bottom of the 7th over - 1 run(s), 4 hit(s), 0 error(s), 2 left on base; Amarillo 1 - Chattanooga 3 |
TOP OF THE 8TH |
Amarillo Archdukes batting - Pitching for Chattanooga Chinpokomon : RHP Artie Downing
|
Batting: SHB Álex Hernández
|
0-0: Called Strike 0-1: Ball 1-1: Called Strike 1-2: Ball 2-2: Ball 3-2: Base on Balls
|
Batting: RHB Tony Quinn
|
0-0: Foul Ball, location: 2F 0-1: Grounds into double play, 5-4-3 (Groundball, 56)
|
Batting: LHB Michael Cook
|
0-0: Ball 1-0: Ball 2-0: Ball 3-0: Base on Balls
|
Pitching: LHP Mario Solíz
|
|
Batting: LHB Brian Boone
|
0-0: Called Strike 0-1: Ball 1-1: Foul Ball, location: 2F 1-2: Strikes out swinging
|
Top of the 8th over - 0 run(s), 0 hit(s), 0 error(s), 1 left on base; Amarillo 1 - Chattanooga 3 |
BOTTOM OF THE 8TH |
Chattanooga Chinpokomon batting - Pitching for Amarillo Archdukes : RHP Frederick Kern
|
Batting: RHB Felipe Rego
|
0-0: Fly out, F9 (Flyball, 89D)
|
Batting: RHB Kyung-bok Cho
|
0-0: Foul Ball, location: 2F 0-1: Ball 1-1: Swinging Strike 1-2: Strikes out looking
|
Batting: RHB Luis Antonio Velásquez
|
0-0: Ball 1-0: Ball 2-0: Foul Ball, location: 2F 2-1: Fly out, F5 (Line Drive, 5)
|
Bottom of the 8th over - 0 run(s), 0 hit(s), 0 error(s), 0 left on base; Amarillo 1 - Chattanooga 3 |
TOP OF THE 9TH |
Amarillo Archdukes batting - Pitching for Chattanooga Chinpokomon : LHP Mario Solíz
|
Pitching: LHP Bob Quested
|
|
Batting: LHB Howard Lambert
|
0-0: Called Strike 0-1: SINGLE (Groundball, 3D)
|
Pinch Hitting: RHB Paul Ladd
|
0-0: Grounds into double play, 1-6-3 (Groundball, 13)
|
Batting: RHB Michael Thomas
|
0-0: Ball 1-0: Ball 2-0: Fly out, F8 (Flyball, 8LD)
|
Top of the 9th over - 0 run(s), 1 hit(s), 0 error(s), 0 left on base; Amarillo 1 - Chattanooga 3 |
|
Tuesday, August 8th, 2017 - OOTP Baseball 17.12 Build 75
|
|